 Dungeon Crawl Stone Soup version 0.29-a0-617-g7a6b98fccd (webtiles) character file.

Game seed: 15627716485217025581

22278 oldmanjim the Fighter (level 12, -3/159 HPs)
             Began as an Ogre Transmuter on June 16, 2022.
             Was an Initiate of Gozag.
             Slain by a minotaur
             ... wielding a +0 spear
              (6 damage)
             ... in a Gauntlet on June 17, 2022.
             The game lasted 01:33:15 (12588 turns).

oldmanjim the Fighter (Ogre Transmuter)            Turns: 12588, Time: 01:33:18

Health: -3/159     AC:  7    Str: 29    XL:     12   Next: 98%
Magic:  24/24      EV: 11    Int: 14    God:    Gozag
Gold:   1179       SH:  0    Dex:  9    Spells: 12/27 levels left

rFire   x . .      SeeInvis .     - Unarmed
rCold   + + +      Faith    .   (shield currently unavailable)
rNeg    . . .      Spirit   .   (body armour currently unavailable)
rPois   +          Reflect  .   (helmet currently unavailable)
rElec   +          Harm     .   (cloak currently unavailable)
rCorr   .          Rampage  .   (gloves unavailable)
Will    +....      NoTele   +   (boots unavailable)
Stlth   +.........              M - amulet "Zity" {RegenMP rElec Regen+ Int-4}
HPRegen 1.16/turn               f - +6 ring of strength
MPRegen 0.59/turn               k - +6 ring of strength

@: mighty, ice-form
A: freezing attack, amphibious, boosted hp, large, unfitting armour, (tough skin
1)
a: End Transformation, Renounce Religion, Potion Petition, Call Merchant, Bribe
Branch


You were in a Gauntlet.
You worshipped Gozag.
Gozag was most pleased with you.
You were a creature of crystalline ice.
You visited 3 branches of the dungeon, and saw 13 of its levels.
You also visited: Gauntlet.

You collected 1652 gold pieces.
You spent 130 gold pieces at shops.
You paid 343 gold pieces to Gozag.

Inventory:

Hand Weapons
 a - a +0 hunting sling
Missiles
 d - 2 throwing nets
 i - 336 stones (quivered)
 j - 4 boomerangs
 n - 24 poisoned darts
 z - 3 curare-tipped darts
 B - 2 javelins
 S - 3 large rocks
 T - 3 silver boomerangs
Armour
 o - a +0 robe
 O - a +0 troll leather armour (melded)
 Q - a +1 hat
Jewellery
 c - an amulet of reflection
 e - a ring of poison resistance
 f - a +6 ring of strength (left front paw)
 k - a +6 ring of strength (right front paw)
 l - a ring of wizardry
 p - a ring of wizardry
 t - a ring of ice
 v - an amulet of regeneration
 y - a ring of flight
 D - a ring of resist corrosion
 M - the amulet "Zity" (around neck) {RegenMP rElec Regen+ Int-4}
   (You found it on level 8 of the Dungeon)

   [amulet of magic regeneration]

   It increases your rate of magic regeneration.
   Int:       It affects your intelligence (-4).
   rElec:     It insulates you from electricity.
   Regen:     It increases your rate of health regeneration.
 R - a ring of wizardry
Wands
 q - a wand of quicksilver (9)
 C - a wand of iceblast (3)
 J - a wand of polymorph (11)
 K - a wand of paralysis (3)
Scrolls
 g - a scroll of poison
 h - a scroll of torment
 u - a scroll of enchant weapon {unknown}
 w - a scroll of enchant armour {unknown}
 F - 4 scrolls of teleportation
 H - 2 scrolls of vulnerability
 L - a scroll of fear {unknown}
 N - a scroll of blinking {unknown}
Potions
 b - 2 potions of lignification
 m - 7 potions of flight
 s - 7 potions of curing
 x - 3 potions of magic
 A - 2 potions of heal wounds
 E - a potion of ambrosia {unknown}
 G - 3 potions of brilliance
 I - 2 potions of resistance
 P - 2 potions of mutation {unknown}


   Skills:
 + Level 12.6 Fighting
 - Level 6.0 Dodging
 - Level 10.0 Unarmed Combat
 - Level 8.0 Spellcasting
 + Level 5.8 Translocations
 + Level 8.5 Transmutations
 - Level 2.0 Ice Magic
 - Level 2.0 Poison Magic
 - Level 5.0 Evocations


You had 12 spell levels left.
You knew the following spells:

 Your Spells              Type           Power      Damage    Failure   Level
a - Beastly Appendage     Tmut           58%        N/A       1%          1
b - Spider Form           Tmut/Pois      20%        N/A       4%          3
c - Ice Form              Ice/Tmut       20%        N/A       14%         4
d - Blink                 Tloc           42%        N/A       1%          2
e - Manifold Assault      Tloc           21%        N/A       32%         5

Your spell library contained the following spells:

 Spells                   Type           Power      Damage    Failure   Level
 Wereblood                Tmut           29%        N/A       1%          2
 Lesser Beckoning         Tloc           21%        N/A       3%          3
 Dazzling Flash           Conj/Hex       10%        N/A       36%         3
 Agony                    Necr           5%         N/A       98%         5
 Silence                  Hex/Air        2%         N/A       98%         5


Dungeon Overview and Level Annotations

Branches:
Dungeon (10/15)            Temple (1/1) D:7            Lair (2/6) D:8
 Shoals (0/4) Lair:2       Spider (0/4) Lair:2          Orc (0/2) D:10
Gauntlet (1/1)

Altars:
Ashenzari
Cheibriados
Dithmenos
Elyvilon
Fedhas
Gozag
Hepliaklqana
Kikubaaqudgha
Makhleb
Nemelex Xobeh
Okawaru
Qazlal
Ru
Sif Muna
Trog
Uskayaw
Vehumet
Wu Jian
Xom
Yredelemnul
Zin
The Shining One

Shops:
D:2 !   D:4 (   D:6 *   D:9 [

Annotations:
D:6 1 runed translucent door, exclusion: door, Phlounder's ghost, novice DjCj
D:10 exclusions: ice statue and obsidian statue
Lair:1 exclusion: oklob plant Gauntlet 8 transporters, 2 runed translucent doors


Innate Abilities, Weirdness & Mutations

You are a creature of crystalline ice.
You have a powerful freezing melee attack.
You are amphibious.
Your maximum health is increased.
Your armour is entirely melded.
You are incapable of wielding weapons or throwing items.
You are too large for most types of armour.
((You have tough skin. (AC +1)))


Message History

You enter the transporter and appear at another place.
A minotaur comes into view. It is wielding a +0 spear.
Casting: Ice Form (dangerous; 16% risk of failure)
Confirm with . or Enter, or press ? or * to list all spells.
You turn into a creature of crystalline ice.
Your +0 troll leather armour melds into your body.
The minotaur bellows!
The minotaur throws a javelin.
The javelin pierces through you!!
The minotaur hits you from afar with a +0 spear!
The minotaur barely misses you. The minotaur gores you!
You pulverise the minotaur!!!
You freeze the minotaur!
The minotaur is severely wounded.
The minotaur hits you with a +0 spear!! The minotaur gores you.
You hit the minotaur but do no damage.
The minotaur is severely wounded.
You hit the minotaur but do no damage.
The minotaur is severely wounded.
The minotaur completely misses you. The minotaur gores you!
You hit the minotaur but do no damage.
The minotaur is heavily wounded.
The minotaur hits you with a +0 spear! The minotaur gores you.
You punch the minotaur! You freeze the minotaur.
The minotaur is severely wounded.
The minotaur hits you with a +0 spear!!
* * * LOW HITPOINT WARNING * * *
The minotaur gores you!
* * * LOW HITPOINT WARNING * * *
You feel much better. The minotaur hits you with a +0 spear!!
* * * LOW HITPOINT WARNING * * *
The minotaur closely misses you.
You feel very mighty all of a sudden.
The minotaur hits you but does no damage.
The minotaur closely misses you.
You hit the minotaur. You freeze the minotaur.
The minotaur is severely wounded.
The minotaur hits you with a +0 spear!
* * * LOW HITPOINT WARNING * * *
The minotaur gores you.
You die...
Your body crumbles into a pile of gold.

......#...≈##...#
##....#.P.###.♣.##.
##....#.♣..##.....
.©###©#.PP..#.♣.# ##..
..###.#...♣.#...##....#
#.###.#...P.#.©....# #
......#.....#...##.##...
#######.....#.©.##....#
.........∩..#...YH.#
#######.....#.©.##.#
...ZZZ#.....#...##...
⌠.#.#.#.....#.©.... #.#
...P.?#..P♣.#...##. ..
8.©.#©#.....#.♣.# #
.P.P.(#.♣..##.....
8.#.#Z#...###.♣.##.
....ZZ#...≈##...#


You could see a minotaur.

Vanquished Creatures
  A reaper (Gauntlet)
  A boulder beetle (D:9)
  An ogre mage (D:10)
  3 death yaks (Lair:2)
  A tengu warrior (Gauntlet)
  Amaemon (D:8)
  Pikel (D:4)
  A deep elf pyromancer (D:9)
  2 ugly things
  A cyclops (D:10)
  Joseph (D:7)
  A smoke demon (Gauntlet)
  A gargoyle (D:9)
  3 rime drakes (D:9)
  An orange demon (D:8)
  3 cane toads
  A komodo dragon (Lair:1)
  2 tengu conjurers (Gauntlet)
  4 trolls
  A hornet (D:4)
  3 blink frogs (Lair:2)
  Grinder (D:3)
  17 yaks
  Eustachio (D:5)
  A fire elemental (D:9)
  4 wyverns
  2 vampire mosquitoes (D:10)
  2 basilisks (Lair:1)
  Menkaure (D:6)
  An acid dragon (D:8)
  6 water moccasins
  2 sky beasts
  4 orc warriors
  3 black bears
  3 ice beasts
  6 centaurs
  A lemure (D:4)
  An ogre (D:7)
  A kobold brigand (D:10)
  2 phantoms
  7 bullfrogs
  A necrophage (D:4)
  3 scorpions
  6 wights
  30 killer bees
  4 howler monkeys
  2 crimson imps (Gauntlet)
  2 hounds
  3 jellies
  3 gnoll shamans
  4 orc priests
  7 iguanas
  6 orc wizards
  5 adders
  17 gnolls
  2 shadow imps
  3 ufetubi
  2 worms
  27 orcs
  5 ball pythons
  4 endoplasms
  3 giant cockroaches
  3 goblins
  2 hobgoblins (D:1)
  A quokka (D:3)
  A bat (D:1)
  2 frilled lizards
  13 kobolds
  4 rats
265 creatures vanquished.

Vanquished Creatures (others)
  An orc (D:8)
  A demonic plant (Gauntlet)
  A fungus (Lair:2)
  9 plants
  2 withered plants (Gauntlet)
14 creatures vanquished.

Grand Total: 279 creatures vanquished

Notes
Turn   | Place    | Note
-------+----------+-------------------------------------------
     0 | D:1      | oldmanjim the Ogre Transmuter began the quest for the Orb.
     0 | D:1      | Reached XP level 1. HP: 19/19 MP: 3/3
   419 | D:1      | Reached XP level 2. HP: 25/28 MP: 5/5
   453 | D:1      | Found a faded altar of an unknown god.
   704 | D:1      | Prayed at the altar of an unknown god.
   704 | D:1      | Became a worshipper of Ru the Awakened
  1466 | D:2      | Reached skill level 2 in Fighting
  1792 | D:2      | Reached XP level 3. HP: 36/36 MP: 4/7
  1839 | D:2      | Learned a level 3 spell: Spider Form
  1986 | D:2      | Found Fikhlureq's Distillery.
  1996 | D:2      | Bought a potion of degeneration for 13 gold pieces
  2181 | D:3      | Noticed Grinder
  2196 | D:3      | Killed Grinder
  2197 | D:3      | Reached skill level 3 in Fighting
  2197 | D:3      | Reached XP level 4. HP: 10/45 MP: 8/8
  2197 | D:3      | Reached XP level 5. HP: 11/53 MP: 9/9
  2547 | D:3      | Reached XP level 6. HP: 61/61 MP: 6/10
  3597 | D:4      | Noticed an orc warrior
  3609 | D:4      | Killed an orc warrior
  3610 | D:4      | Reached skill level 4 in Fighting
  3610 | D:4      | Reached XP level 7. HP: 48/70 MP: 8/11
  3707 | D:4      | Reached skill level 5 in Transmutations
  3744 | D:4      | Learned a level 4 spell: Ice Form
  3767 | D:4      | Found a broken altar of Ashenzari.
  3814 | D:4      | Noticed Pikel
  3839 | D:4      | Killed Pikel
  3840 | D:4      | Reached skill level 5 in Fighting
  3840 | D:4      | Reached skill level 5 in Unarmed Combat
  3840 | D:4      | Reached XP level 8. HP: 49/80 MP: 8/14
  3964 | D:4      | Found Kafutrop's Weapon Boutique.
  4212 | D:4      | Noticed a hornet
  4218 | D:4      | Killed a hornet
  4219 | D:4      | Reached skill level 6 in Fighting
  4674 | D:5      | Entered Level 5 of the Dungeon
  4691 | D:5      | Noticed Eustachio
  4701 | D:5      | Killed Eustachio
  4898 | D:5      | Noticed a wyvern
  4905 | D:5      | Killed a wyvern
  4906 | D:5      | Reached XP level 9. HP: 74/92 MP: 11/16
  4965 | D:5      | Reached skill level 7 in Fighting
  5237 | D:5      | Reached skill level 5 in Spellcasting
  6138 | D:2      | Bought a potion of brilliance for 52 gold pieces
  6138 | D:2      | Bought a potion of heal wounds for 65 gold pieces
  6235 | D:6      | Found Ofosoj's General Store.
  6301 | D:6      | Reached skill level 8 in Fighting
  6310 | D:6      | Noticed Menkaure
  6373 | D:6      | Killed Menkaure
  6374 | D:6      | Reached skill level 1 in Evocations
  6745 | D:6      | Found a runed translucent door.
  6749 | D:6      | Noticed Phlounder's ghost (novice DjCj)
  6984 | D:7      | Found a staircase to the Ecumenical Temple.
  6984 | D:7      | Noticed Joseph
  6997 | D:7      | Killed Joseph
  6998 | D:7      | Reached XP level 10. HP: 94/106 MP: 15/19
  7269 | Temple   | Entered the Ecumenical Temple
  7368 | Temple   | Fell from the grace of Ru
  7368 | Temple   | Became a worshipper of Gozag Ym Sagoz the Greedy
  7575 | D:7      | Reached skill level 9 in Fighting
  7955 | D:8      | Noticed Amaemon
  7955 | D:8      | Noticed an orange demon
  8001 | D:8      | Killed Amaemon
  8096 | D:8      | Killed an orange demon
  8097 | D:8      | Reached skill level 10 in Fighting
  8121 | D:8      | Identified the amulet "Zity" {RegenMP rElec Regen+ Int-4}
  8148 | D:8      | Found a staircase to the Lair.
  8611 | D:8      | Learned a level 2 spell: Blink
  8644 | D:9      | Reached skill level 1 in Translocations
  8707 | D:9      | Reached XP level 11. HP: 117/117 MP: 17/21
  8772 | D:9      | Found a burning altar of Makhleb.
  8814 | D:9      | Noticed a white ugly thing
  8878 | D:9      | Noticed a deep elf pyromancer
  8883 | D:9      | Killed a deep elf pyromancer
  8884 | D:9      | Reached skill level 5 in Translocations
  8890 | D:9      | Learned a level 5 spell: Manifold Assault
  9110 | D:9      | Noticed a boulder beetle
  9121 | D:9      | Killed a boulder beetle
  9172 | D:9      | Killed a white ugly thing
  9173 | D:9      | Reached skill level 5 in Dodging
  9238 | D:9      | Reached skill level 11 in Fighting
  9423 | D:9      | Found a shimmering blue altar of Sif Muna.
  9691 | D:9      | Found Woriharch's Antique Armour Shop.
  9702 | D:9      | Found an iron altar of Okawaru.
  9702 | D:9      | Found a hazy altar of Hepliaklqana.
  9708 | D:9      | Found a hide-covered altar of Uskayaw.
  9866 | D:10     | Entered Level 10 of the Dungeon
  9946 | D:10     | Found a staircase to the Orcish Mines.
 10149 | D:10     | Noticed a purple ugly thing
 10154 | D:10     | Killed a purple ugly thing
 10164 | D:10     | Reached skill level 12 in Fighting
 10167 | D:10     | Noticed a cyclops
 10233 | D:10     | Reached XP level 12. HP: 132/132 MP: 22/22
 10278 | D:10     | Noticed an ogre mage
 10284 | D:10     | Killed an ogre mage
 11018 | Lair:1   | Entered Level 1 of the Lair of Beasts
 11462 | Lair:1   | Found a snail-covered altar of Cheibriados.
 11864 | Lair:2   | Noticed a death yak
 11865 | Lair:2   | Noticed a death yak
 11865 | Lair:2   | Noticed a death yak
 11883 | Lair:2   | Killed a death yak
 11884 | Lair:2   | Reached skill level 5 in Evocations
 11901 | Lair:2   | Killed a death yak
 11919 | Lair:2   | Killed a death yak
 12009 | Lair:2   | Reached skill level 10 in Unarmed Combat
 12023 | Lair:2   | Found a staircase to the Shoals.
 12078 | Lair:2   | Found a gate leading to a gauntlet.
 12087 | Gauntlet | Entered a Gauntlet
 12087 | Gauntlet | Noticed a tengu warrior
 12087 | Gauntlet | Found a transporter.
 12135 | Gauntlet | Found a transporter.
 12146 | Gauntlet | Found a transporter.
 12149 | Gauntlet | Found a transporter.
 12161 | Gauntlet | Found a transporter.
 12176 | Gauntlet | Found a transporter.
 12177 | Gauntlet | Noticed a reaper
 12187 | Gauntlet | Found a transporter.
 12197 | Gauntlet | Found a runed translucent door.
 12197 | Gauntlet | Noticed a broodmother
 12198 | Gauntlet | Found a transporter.
 12204 | Gauntlet | Noticed a bunyip
 12204 | Gauntlet | a broodmother changed into a bunyip
 12207 | Gauntlet | Found a runed translucent door.
 12207 | Gauntlet | a bunyip changed into a faun
 12212 | Gauntlet | Found a transporter.
 12212 | Gauntlet | Found a transporter.
 12226 | Gauntlet | Found a transporter.
 12238 | Gauntlet | Found a transporter.
 12269 | Gauntlet | Noticed a quicksilver ooze
 12269 | Gauntlet | a tyrant leech changed into a quicksilver ooze
 12273 | Gauntlet | Noticed an azure jelly
 12273 | Gauntlet | a quicksilver ooze changed into an azure jelly
 12274 | Gauntlet | Noticed an emperor scorpion
 12274 | Gauntlet | an azure jelly changed into an emperor scorpion
 12275 | Gauntlet | Noticed a four-headed hydra
 12275 | Gauntlet | an emperor scorpion changed into a four-headed hydra
 12278 | Gauntlet | Noticed a catoblepas
 12287 | Gauntlet | Found a transporter.
 12298 | Gauntlet | Upgraded the game from 0.29-a0-613-gf2c431b9b9 to
                  | 0.29-a0-617-g7a6b98fccd
 12298 | Gauntlet | Found a transporter.
 12332 | Gauntlet | Killed a tengu warrior
 12466 | Gauntlet | Killed a reaper
 12573 | Gauntlet | Noticed a minotaur
 12588 | Gauntlet | HP: 3/159 [minotaur/+0 spear (15)]
 12588 | Gauntlet | Slain by a minotaur

Illustrated notes

Levels and vault maps discovered:
D:1:      sevenhm_arrival_forest_fort_large_2, layout_loops_cross,
          hellmonk_ecumenical_altar_inner_sanctum, serial_bayou_pond_a,
          ebering_dispersal_statue_hall, hangedman_decor_diamond_cutter
D:2:      layout_basic, serial_shops, nicolae_lakefront_shop, dk_noncrumbling_3,
          minmay_misc_feat_tiny
D:3:      layout_loops_corners, amcnicky_mini_corridor_feature,
          kennysheep_generic_room_14, uniq_grinder
D:4:      layout_loops_ring, ashenzari_altar_1, serial_shops,
          nicolae_shop_bloodbath_and_beyond, abandoned_shop, minivault_27,
          uniq_pikel
D:5:      layout_basic, serial_co_window_serial, co_window_paths_b,
          co_window_corner_a, co_window_cross_1, co_window_corner_a,
          co_window_paths_a, co_window_unsneaky_path_c,
          co_window_unsneaky_path_c, co_window_corner_b,
          co_window_of_opportunity_b, glass_columns_a, glass_columns_b,
          glass_columns_a, glass_columns_a, bh_walls_and_bars, uniq_eustachio
D:6:      layout_rooms, serial_shops, shop_fountains, gammafunk_ghost_grave,
          uniq_menkaure
D:7:      layout_loops_ring, minmay_temple_entry_waves, uniq_joseph
D:8:      layout_cave_pools, lair_entry_dummy, lemuel_old_faithful, uniq_amaemon
D:9:      layout_rooms, mainiacjoe_overflow_paths,
          mainiacjoe_overflow_boulevard, gammafunk_temple_overflow_forgotten,
          serial_shops, shop, dilly_guarded_unrand_elemental_staff
D:10:     minmay_separated_statues, layout_basic, orc_0_dummy, minmay_bent
Temple:   compressed_dpeg_circular_temple
Lair:1:   layout_roguey, lemuel_oklob_altar
Lair:2:   dragon1_lemuel, layout_regular_city, minmay_shoals_entry_centaurs,
          spider_nest_entry_funnel_web, gauntlet_entry_generic,
          fungi_pond_lemuel
Gauntlet: minmay_gauntlet_77_tree [minmay_gauntlet_arena_77_two_lines,
          minmay_gauntlet_arena_77_fan, minmay_gauntlet_arena_77_two_paths,
          minmay_gauntlet_arena_77_cramped, minmay_gauntlet_arena_77_museum,
          minmay_gauntlet_arena_77_block_sizes,
          minmay_gauntlet_arena_77_chump_sandwich, gauntlet_exit_green]

Skill      XL: |  1  2  3  4  5  6  7  8  9 10 11 12 |
---------------+-------------------------------------+-----
Transmutations | 2 4 5 6 7 8 |  8.5
Fighting       | 2 3 4 5 6 8 10 12 | 12.6
Spellcasting   | 3 4 6 7 8 |  8.0
Unarmed Combat | 3 5 6 7 8 10 | 10.0
Poison Magic   | 2 |  2.0
Ice Magic      | 2 |  2.0
Evocations     | 3 5 |  5.0
Dodging        | 2 4 6 |  6.0
Translocations | 2 5 |  5.8

Action                   |  1- 3 |  4- 6 |  7- 9 | 10-12 || total
-------------------------+-------+-------+-------+-------++-------
Melee: Unarmed           |    75 |    37 |   234 |   489 ||   835
       Kick              |    11 |     4 |       |       ||    15
       Headbutt          |     7 |     3 |       |       ||    10
       Punch             |       |       |       |     2 ||     2
 Fire: Hunting sling     |     6 |       |       |       ||     6
Throw: Stone             |     9 |     1 |     3 |     4 ||    17
       Dart              |       |     2 |       |       ||     2
 Cast: Beastly Appendage |    10 |     7 |     1 |       ||    18
       Spider Form       |       |     6 |    14 |     1 ||    21
       Ice Form          |       |       |    22 |    57 ||    79
       Manifold Assault  |       |       |       |     2 ||     2
       Blink             |       |       |       |     1 ||     1
Invok: Reject Sacrifices |     1 |       |       |       ||     1
       Potion Petition   |       |       |       |     1 ||     1
Evoke: Wand              |       |       |       |     5 ||     5
  Use: Scroll            |       |       |     6 |     8 ||    14
       Potion            |       |       |       |     4 ||     4
 Stab: Distracted        |       |       |       |     6 ||     6
       Invisible         |       |       |       |     1 ||     1
Armor: Robe              |    23 |     7 |     1 |       ||    31
       Skin              |       |     1 |    40 |   118 ||   159
Dodge: Dodged            |    38 |    26 |   112 |   240 ||   416

Table legend: (Time is in decaauts)
 A = Elapsed time spent in this place.
 B = Non-inter-level travel time spent in this place.
 C = Inter-level travel time spent in this place.
 D = Time resting spent in this place.
 E = Time spent auto-exploring this place.
 F = Levels seen in this place.
 G = Mean time per level.
                   A        B        C        D        E       F      G
               +--------+--------+--------+--------+--------+-----+--------+
         Total |  12493 |  11888 |    605 |    457 |   9099 |  14 |  892.4 |
       Dungeon |  10842 |  10287 |    555 |    457 |   7965 |  10 | 1084.2 |
        Temple |    108 |     80 |     28 |      0 |     63 |   1 |  108.0 |
          Lair |   1048 |   1026 |     22 |      0 |    732 |   2 |  524.0 |
      Gauntlet |    493 |    493 |      0 |      0 |    339 |   1 |  493.0 |
               +--------+--------+--------+--------+--------+-----+--------+

Top non-repeatable levels by time:
     D:3: 1471 daAuts
     D:5: 1392 daAuts
     D:1: 1312 daAuts
     D:9: 1279 daAuts
     D:4: 1151 daAuts
    D:10: 1052 daAuts
     D:7: 973 daAuts
  Lair:1: 878 daAuts
     D:2: 876 daAuts
     D:6: 747 daAuts
     D:8: 586 daAuts
Gauntlet: 493 daAuts
  Lair:2: 170 daAuts
  Temple: 108 daAuts
